 Dungeon Sprint DCSS version 0.28-a0-1395-g4f6bc678fa (webtiles) character file.

Game seed: 4396964811734456103

5327 HallandMoats the Cruncher (level 10, -21/124 (132) HPs)
             Began as a Gnoll Monk on Jan 4, 2022.
             Was a High Priest of Qazlal.
             Demolished by Ofodos the pandemonium lord (22 damage)
             ... in the Dungeon (Sprint V: "Ziggurat Sprint").
             The game lasted 00:03:22 (707 turns).

HallandMoats the Cruncher (Gnoll Monk)               Turns: 707, Time: 00:03:23

HP:   -21/124 (132) AC: 25    Str: 26    XL:     10   Next: 64%
MP:   17/23         EV:  3    Int: 10    God:    Qazlal [*****.]
Gold: 0             SH: 37    Dex: 15    Spells: 27/27 levels left

rFire   + . .      SeeInvis +   y - +14 obsidian axe {vorpal, Mesm Drain Fly SInv}
rCold   + . .      Faith    .   z - +18 shield of the Gong {rElec rN+ Will+ EV-5}
rNeg    + + .      Spirit   .   a - +5 gold dragon scales
rPois   +          Reflect  .   (no helmet)
rElec   +          Harm     .   (no cloak)
rCorr   .          Rampage  .   (no gloves)
Will    ++++.      Clarity  +   (no boots)
Stlth   .......... NoTele   +   k - amulet of the Four Winds {rN+ Will+++ Clar}
HPRegen 0.30/turn               w - +6 ring of strength
MPRegen 0.18/turn               x - +6 ring of strength

@: mighty, berserking, protected from physical damage, flying, mesmerised,
hasted, studying 2 skills, drained, repel missiles, very quick
A: fangs 1, strong nose, distributed training
a: Renounce Religion, Upheaval, Elemental Force, Disaster Area


You were in the Dungeon.
You worshipped Qazlal.
Qazlal was extremely pleased with you.
You visited 1 branch

Inventory:

Hand Weapons
 y - the +14 obsidian axe (weapon) {vorpal, Mesm Drain Fly SInv}
   (You found it in the Dungeon)

   It inflicts extra damage upon your enemies.
   It occasionally summons demons to assist the wielder when it strikes in
   combat.
   Its wielder is mesmerised by any visible foes.
   It cannot be unequipped while any foes are visible.
   SInv:      It lets you see invisible.
   Fly:       It grants you flight.
   Drain:     It drains your maximum health when unequipped.
Armour
 a - +5 gold dragon scales (worn)
 z - the +18 shield of the Gong (worn) {rElec rN+ Will+ EV-5}
   (You found it in the Dungeon)

   It is deafeningly noisy when blocking attacks.
   EV:        It affects your evasion (-5).
   rElec:     It insulates you from electricity.
   rN:        It protects you from negative energy.
   Will:      It increases your willpower.
Jewellery
 k - the amulet of the Four Winds (around neck) {rN+ Will+++ Clar}
   (You found it in the Dungeon)

   [amulet of nothing]

   rN:        It protects you from negative energy.
   Clar:      It protects you against confusion.
   Will:      It greatly increases your willpower.
 w - a +6 ring of strength (left hand)
 x - a +6 ring of strength (right hand)
Scrolls
 h - 4 scrolls of blinking
 m - 4 scrolls of amnesia
 n - 7 scrolls of fog
 o - a scroll of holy word
 p - 5 scrolls of identify
 q - 2 scrolls of fear
Potions
 b - 2 potions of brilliance
 c - 10 potions of curing
 d - 6 potions of heal wounds
 e - 4 potions of haste
 f - 7 potions of magic
 g - a potion of berserk rage
 i - 2 potions of invisibility
 j - 4 potions of resistance
 l - 3 potions of might


   Skills:
 + Level 11.3 Fighting
 + Level 9.2 Short Blades
 + Level 9.2 Long Blades
 + Level 11.3 Axes
 + Level 9.2 Maces & Flails
 + Level 9.2 Polearms
 + Level 12.0 Staves
 + Level 9.2 Slings
 + Level 9.2 Bows
 + Level 9.2 Crossbows
 + Level 9.2 Throwing
 + Level 9.2 Armour
 + Level 11.3 Dodging
 + Level 10.2 Stealth
 + Level 9.2 Shields
 + Level 9.2 Unarmed Combat
 + Level 9.2 Spellcasting
 + Level 7.7 Conjurations
 + Level 7.7 Hexes
 + Level 7.7 Summonings
 + Level 7.7 Necromancy
 + Level 7.7 Translocations
 + Level 7.7 Transmutations
 + Level 7.7 Fire Magic
 + Level 7.7 Ice Magic
 + Level 7.7 Air Magic
 + Level 7.7 Earth Magic
 + Level 7.7 Poison Magic
 + Level 10.1 Invocations
 + Level 9.2 Evocations


You had 27 spell levels left.
You didn't know any spells.
Your spell library contained the following spells:

 Spells                   Type           Power      Damage    Failure   Level
 Foxfire                  Conj/Fire      80%        2x1d8     50%         1
 Shock                    Conj/Air       80%        1d8       50%         1
 Conjure Flame            Conj/Fire      20%        6-21      86%         3
 Ignite Poison            Fire/Tmut/Pois 20%        N/A       86%         3
 Inner Flame              Hex/Fire       20%        N/A       86%         3
 Swiftness                Air            20%        N/A       86%         3
 Airstrike                Air            10%        N/A       99%         4
 Flame Wave               Conj/Fire      20%        2d6       99%         4
 Sticky Flame             Conj/Fire      20%        2d4       99%         4


Dungeon Overview and Level Annotations

Branches:
Dungeon (1/1)

Altars:
Ashenzari
Cheibriados
Dithmenos
Elyvilon
Fedhas
Gozag
Hepliaklqana
Kikubaaqudgha
Makhleb
Nemelex Xobeh
Okawaru
Qazlal
Ru
Sif Muna
Trog
Uskayaw
Vehumet
Wu Jian
Xom
Yredelemnul
Zin
The Shining One
Beogh
Jiyva
Lugonu

Annotations:
D 1 transporter


Innate Abilities, Weirdness & Mutations

You have very sharp teeth.
Your uncanny sense of smell can sniff out nearby items.
Your experience applies equally to all skills.


Message History

* * * LOW HITPOINT WARNING * * *
You miss Duobif.
Duobif is heavily wounded.
You hit Ofodos.
Visions of slaying Ofodos flood into your mind.
You block Ofodos's attack.
SHROANNG!
Duobif is engulfed in freezing vapours.
Duobif gestures at you. The bolt of negative energy hits you!
You partially resist.
You feel drained.
* * * LOW HITPOINT WARNING * * *
You feel much better.
Ofodos tail-slaps you but does no damage.
Duobif is engulfed in freezing vapours.
Duobif gestures at you. The bolt of negative energy hits you!
You partially resist.
You feel drained.
A red film seems to cover your vision as you go berserk!
You feel yourself moving faster!
You feel mighty!
Visions of slaying Duobif flood into your mind.
You block Ofodos's attack.
BONNNG!
Unknown command.
You slash Ofodos!
Ofodos is moderately wounded.
You slash Duobif!
Duobif is engulfed in freezing vapours.
Duobif gestures.
Duobif flickers and vanishes for a moment.
Ofodos tail-slaps you!!
* * * LOW HITPOINT WARNING * * *
Space warps around you.
* * * LOW HITPOINT WARNING * * *
You completely miss Ofodos.
Ofodos is moderately wounded.
You barely miss Duobif.
Duobif is struck by lightning.
You block Duobif's attack.
GONNNNG!
Ofodos tail-slaps you!
* * * LOW HITPOINT WARNING * * *
Space warps horribly around you!!
You die...

▓▓▓▓▓▓▓▓▓
▓..8©8..▓
∆∆
▓..})=..▓
∆
▓...}|..▓
▓.......▓
▓.......▓
▓..°..○.▓
▓..○&&..▓
▓...@°..▓
▓..○§§..▓
▓▓▓▓▓▓▓▓▓
∆∆∆∆∆
∆∆∆∆


You could see Duobif (mesmerising, invisible) and Ofodos.

Vanquished Creatures
  A pandemonium lord (D)
  A soul eater (D)
  A sixfirhy (D)
  A yak (D)
  A necrophage (D)
  5 scorpions (D)
  A crimson imp (D)
  3 quasits (D)
  2 iron imps (D)
  2 shadow imps (D)
  A white imp (D)
  An ufetubus (D)
  An adder skeleton (D)
  3 bat zombies (D)
  A jackal (D)
25 creatures vanquished.

Vanquished Creatures (collateral kills)
  A sixfirhy (D)
  A jumping spider (D)
  A scorpion (D)
3 creatures vanquished.

Grand Total: 28 creatures vanquished

Notes
Turn   | Place    | Note
-------+----------+-------------------------------------------
     0 | D        | HallandMoats the Gnoll Monk began the quest for the Orb.
     0 | D        | Reached XP level 1. HP: 23/23 MP: 1/1
    10 | D        | Found a blossoming altar of Fedhas.
    10 | D        | Found the +6 Majin-Bo {vamp, MP+6 Int+6}
    10 | D        | Found the +9 heavy crossbow "Sniper" {vorpal, Acc+∞ SInv}
    10 | D        | Found the +10 dark maul {vorpal}
    10 | D        | Found the +15 Maxwell's patent armour {-Cast -Tele rElec
                  | Will+ rCorr}
    10 | D        | Found the +18 shield of the Gong {rElec rN+ Will+ EV-5}
    10 | D        | Found the +14 obsidian axe {vorpal, Mesm Drain Fly SInv}
    10 | D        | Found the +7 great mace "Firestarter" {inner flame, rF++}
    10 | D        | Found the +6 shillelagh "Devastator" {shatter}
    10 | D        | Found the +11 plutonium sword {Contam Stlth-}
    10 | D        | Found the +8 lance "Wyrmbane" {slay drac, rPois rF+ rC+
                  | AC+3}
    10 | D        | Found the +9 sword of Zonguldrok {reap}
    10 | D        | Found the +13 scythe of Curses {drain, Drain}
    10 | D        | Found the +5 sword of Power {vorpal}
    10 | D        | Found the +7 mace of Variability {chain chaos}
    10 | D        | Found the +7 Singing Sword {vorpal, sonic wave}
    10 | D        | Found the +8 storm bow {elec, penet}
    12 | D        | Found a shimmering blue altar of Sif Muna.
    12 | D        | Found a sacrificial altar of Ru.
    12 | D        | Found a bloodstained altar of Trog.
    12 | D        | Found a stormy altar of Qazlal.
    12 | D        | Found an iron altar of Okawaru.
    12 | D        | Found a sparkling altar of Nemelex Xobeh.
    14 | D        | Found a transporter.
    14 | D        | Found an ancient bone altar of Kikubaaqudgha.
    14 | D        | Found a viscous altar of Jiyva.
    14 | D        | Found a corrupted altar of Lugonu.
    14 | D        | Found a hazy altar of Hepliaklqana.
    14 | D        | Found a burning altar of Makhleb.
    14 | D        | Found an opulent altar of Gozag.
    45 | D        | Reached skill level 2 in Staves
    45 | D        | Reached skill level 1 in Conjurations
    45 | D        | Reached skill level 1 in Hexes
    45 | D        | Reached skill level 1 in Summonings
    45 | D        | Reached skill level 1 in Necromancy
    45 | D        | Reached skill level 1 in Translocations
    45 | D        | Reached skill level 1 in Transmutations
    45 | D        | Reached skill level 1 in Fire Magic
    45 | D        | Reached skill level 1 in Ice Magic
    45 | D        | Reached skill level 1 in Air Magic
    45 | D        | Reached skill level 1 in Earth Magic
    45 | D        | Reached skill level 1 in Poison Magic
    45 | D        | Reached XP level 2. HP: 31/31 MP: 1/5
    93 | D        | Became a worshipper of Qazlal Stormbringer
    93 | D        | Reached * piety under Qazlal
    93 | D        | Reached ** piety under Qazlal
   102 | D        | Entered arena 2.
   102 | D        | Noticed a yak
   102 | D        | Found a transporter.
   111 | D        | Killed a yak
   112 | D        | Reached skill level 3 in Staves
   112 | D        | Reached skill level 5 in Stealth
   112 | D        | Reached XP level 3. HP: 37/37 MP: 6/8
   112 | D        | Reached XP level 4. HP: 44/44 MP: 6/9
   112 | D        | Reached XP level 5. HP: 49/49 MP: 6/10
   114 | D        | Entered arena 3.
   114 | D        | Found a transporter.
   117 | D        | Reached skill level 4 in Staves
   117 | D        | Reached *** piety under Qazlal
   118 | D        | Reached skill level 5 in Invocations
   118 | D        | Reached XP level 6. HP: 56/56 MP: 6/13
   192 | D        | Entered arena 4.
   192 | D        | Noticed a jumping spider
   192 | D        | Found a transporter.
   194 | D        | Killed a jumping spider
   195 | D        | Reached skill level 5 in Short Blades
   195 | D        | Reached skill level 5 in Long Blades
   195 | D        | Reached skill level 5 in Maces & Flails
   195 | D        | Reached skill level 5 in Polearms
   195 | D        | Reached skill level 5 in Staves
   195 | D        | Reached skill level 5 in Slings
   195 | D        | Reached skill level 5 in Bows
   195 | D        | Reached skill level 5 in Crossbows
   195 | D        | Reached skill level 5 in Throwing
   195 | D        | Reached skill level 5 in Armour
   195 | D        | Reached skill level 5 in Shields
   195 | D        | Reached skill level 5 in Unarmed Combat
   195 | D        | Reached skill level 5 in Spellcasting
   195 | D        | Reached skill level 5 in Evocations
   195 | D        | Reached XP level 7. HP: 51/63 MP: 13/15
   197 | D        | Reached **** piety under Qazlal
   198 | D        | Reached skill level 6 in Staves
   206 | D        | Entered arena 5.
   206 | D        | Noticed a sixfirhy
   206 | D        | Found a transporter.
   209 | D        | Killed a sixfirhy
   210 | D        | Reached skill level 8 in Staves
   210 | D        | Reached skill level 5 in Conjurations
   210 | D        | Reached skill level 5 in Hexes
   210 | D        | Reached skill level 5 in Summonings
   210 | D        | Reached skill level 5 in Necromancy
   210 | D        | Reached skill level 5 in Translocations
   210 | D        | Reached skill level 5 in Transmutations
   210 | D        | Reached skill level 5 in Fire Magic
   210 | D        | Reached skill level 5 in Ice Magic
   210 | D        | Reached skill level 5 in Air Magic
   210 | D        | Reached skill level 5 in Earth Magic
   210 | D        | Reached skill level 5 in Poison Magic
   210 | D        | Reached XP level 8. HP: 49/71 MP: 15/18
   210 | D        | Reached ***** piety under Qazlal
   410 | D        | Entered arena 6.
   410 | D        | Found the amulet of the Four Winds {rN+ Will+++ Clar}
   410 | D        | Found a transporter.
   430 | D        | Entered arena 7.
   430 | D        | Noticed a sixfirhy
   430 | D        | Noticed Porohin the pandemonium lord
   430 | D        | Noticed a soul eater
   431 | D        | Found a transporter.
   437 | D        | Killed a sixfirhy
   438 | D        | Reached skill level 9 in Staves
   438 | D        | Reached XP level 9. HP: 47/78 MP: 18/20
   442 | D        | Reached ****** piety under Qazlal
   444 | D        | Noticed a red devil
   444 | D        | Noticed a red devil
   444 | D        | Noticed an orange demon
   445 | D        | Killed a soul eater
   446 | D        | Reached skill level 10 in Fighting
   446 | D        | Reached skill level 10 in Axes
   446 | D        | Reached skill level 10 in Staves
   446 | D        | Reached skill level 10 in Dodging
   460 | D        | Noticed a red devil
   460 | D        | Noticed a red devil
   460 | D        | Noticed a hellwing
   468 | D        | Noticed a smoke demon
   468 | D        | Noticed an ice devil
   471 | D        | Killed Porohin the pandemonium lord
   471 | D        | Noticed a sun demon
   472 | D        | Reached skill level 11 in Staves
   472 | D        | Reached skill level 10 in Stealth
   472 | D        | Reached skill level 10 in Invocations
   472 | D        | Reached XP level 10. HP: 38/88 MP: 15/23
   692 | D        | Entered arena 8.
   692 | D        | Found the +2 hood of the Assassin {Detection Stab+ Stlth++}
   692 | D        | Noticed Ofodos the pandemonium lord
   692 | D        | Noticed Duobif the pandemonium lord
   694 | D        | Reached skill level 12 in Staves
   697 | D        | Found a transporter.
   707 | D        | HP: 1/124 [Ofodos the pandemonium lord (14)]
   707 | D        | Demolished by Ofodos the pandemonium lord

Illustrated notes

Levels and vault maps discovered:
D:        sprint_v [room_start, room_1, room_2, room_3, room_4, room_5, room_6,
          room_7, room_8, room_9, room_10, room_11, room_12, room_13, room_14,
          room_15, room_16, room_17, room_18, room_19, room_20, room_21,
          room_22, room_23, room_24, room_25, room_26, room_27]

Skill      XL: |  1  2  3  4  5  6  7  8  9 10 |
---------------+-------------------------------+-----
Fighting       | 7 8 9 11 | 11.3
Short Blades   | 2 3 4 5 6 7 9 |  9.2
Long Blades    | 2 3 4 5 6 7 9 |  9.2
Axes           | 7 8 9 11 | 11.3
Maces & Flails | 2 3 4 5 6 7 9 |  9.2
Polearms       | 2 3 4 5 6 7 9 |  9.2
Staves         | 2 3 4 5 8 9 11 12 | 12.0
Slings         | 2 3 4 5 6 7 9 |  9.2
Bows           | 2 3 4 5 6 7 9 |  9.2
Crossbows      | 2 3 4 5 6 7 9 |  9.2
Throwing       | 2 3 4 5 6 7 9 |  9.2
Armour         | 2 3 4 5 6 7 9 |  9.2
Dodging        | 7 8 9 11 | 11.3
Shields        | 2 3 4 5 6 7 9 |  9.2
Unarmed Combat | 2 3 4 5 6 7 9 |  9.2
Spellcasting   | 2 3 4 5 6 7 9 |  9.2
Conjurations   | 1 3 4 5 6 7 |  7.7
Hexes          | 1 3 4 5 6 7 |  7.7
Summonings     | 1 3 4 5 6 7 |  7.7
Necromancy     | 1 3 4 5 6 7 |  7.7
Translocations | 1 3 4 5 6 7 |  7.7
Transmutations | 1 3 4 5 6 7 |  7.7
Fire Magic     | 1 3 4 5 6 7 |  7.7
Ice Magic      | 1 3 4 5 6 7 |  7.7
Air Magic      | 1 3 4 5 6 7 |  7.7
Earth Magic    | 1 3 4 5 6 7 |  7.7
Poison Magic   | 1 3 4 5 6 7 |  7.7
Invocations    | 2 4 5 7 8 10 | 10.1
Evocations     | 2 3 4 5 6 7 9 |  9.2
Stealth        | 5 6 7 8 10 | 10.2

Action                   |  1- 3 |  4- 6 |  7- 9 | 10-12 || total
-------------------------+-------+-------+-------+-------++-------
Melee: Broad axe         |     6 |     3 |    36 |    11 ||    56
       Bite              |     1 |     2 |     8 |       ||    11
Invok: Disaster Area     |       |       |     1 |     1 ||     2
  Use: Potion            |     1 |       |     5 |     5 ||    11
Armor: Gold dragon scale |     1 |       |    26 |     3 ||    30
Dodge: Dodged            |       |       |     2 |       ||     2
Block: Kite shield       |    12 |     8 |    95 |    11 ||   126

Table legend: (Time is in decaauts)
 A = Elapsed time spent in this place.
 B = Non-inter-level travel time spent in this place.
 C = Inter-level travel time spent in this place.
 D = Time resting spent in this place.
 E = Time spent auto-exploring this place.
 F = Levels seen in this place.
 G = Mean time per level.
                   A        B        C        D        E       F      G
               +--------+--------+--------+--------+--------+-----+--------+
         Total |    708 |    708 |      0 |    497 |      0 |   1 |  708.0 |
       Dungeon |    708 |    708 |      0 |    497 |      0 |   1 |  708.0 |
               +--------+--------+--------+--------+--------+-----+--------+

Top non-repeatable levels by time:
       D: 708 daAuts
